 Dungeon Sprint DCSS version 0.17-a0-1174-ge06b3cc (webtiles) character file.

452 nuthulu the Fighter (level 7, -4/51 HPs)
             Began as a Gargoyle Fighter on May 29, 2015.
             Was an Initiate of Okawaru.
             Slain by Sonja
             ... wielding a +0 dagger of distortion
              (23 damage)
             ... in the Dungeon (Sprint I: "Red Sonja").
             The game lasted 00:01:47 (640 turns).

nuthulu the Fighter (Gargoyle Fighter)               Turns: 640, Time: 00:01:47

Health: -4/51      AC: 13    Str: 21    XL:     7   Next: 4%
Magic:  7/7        EV:  9    Int:  8    God:    Okawaru [......]
Gold:   297        SH: 11    Dex: 10    Spells: 0 memorised, 6 levels left

rFire  . . .     SeeInvis .     a - +0 flail
rCold  . . .     Clarity  .     b - +0 scale mail
rNeg   + . .     SustAt   .     c - +0 shield
rPois  ∞         Gourm    .     (no helmet)
rElec  +         Spirit   .     (no cloak)
rCorr  .         Warding  .     (no gloves)
rMut   .         NoTele   +     (no boots)
MR     .....                    (no amulet)
Stlth  ..........               (no ring)
                                (no ring)

@: not resistant to hostile enchantments, extremely unstealthy
A: negative energy resistance 1, electricity resistance, unbreathing,
petrification resistance, rot immunity, AC +4
a: Renounce Religion


You were in the Dungeon.
You worshipped Okawaru.
Okawaru was noncommittal.
You were not hungry.

You visited 1 branch You collected 297 gold pieces.

Inventory:

Hand weapons
 a - a +0 flail (weapon)
Armour
 b - a +0 scale mail (worn)
 c - a +0 shield (worn)
Magical devices
 j - a wand of frost (26)
Scrolls
 k - a scroll of blinking
Potions
 f - a potion of curing
 i - 2 potions of magic
Comestibles
 e - a bread ration


   Skills:
 * Level 9.4 Fighting
 * Level 6.1 Maces & Flails
 * Level 8.9 Armour
 - Level 1.0 Dodging
 * Level 8.6 Shields


You had 6 spell levels left.
You didn't know any spells.

Dungeon Overview and Level Annotations

Branches:
Dungeon (1/1)

Altars:
Elyvilon
Gozag
Kikubaaqudgha
Makhleb
Nemelex Xobeh
Okawaru
Qazlal
Ru
Sif Muna
Trog
Vehumet
Xom
Yredelemnul
Zin
The Shining One

Shops:
D *

Annotations:
D Sonja


Innate Abilities, Weirdness & Mutations

You are resistant to torment.
Your stone body is resilient (AC +4).
You are immune to poison.
You resist negative energy.
You are resistant to electric shocks.
You can survive without breathing.
You are immune to petrification.
You are immune to rotting.


Message History

You completely miss Sonja. You block Sonja's attack.
Sonja hits you but does no damage. Sonja barely misses you.
Sonja hits you but does no damage.
You feel a strange sense of stasis. Sonja hits you but does no damage.
Space bends around you. You block Sonja's attack.
You closely miss Sonja.
Sonja mumbles some strange words.
Sonja blinks!
Sonja hits you but does no damage.
You feel a strange sense of stasis. You block Sonja's attack.
You block Sonja's attack.
Drink which item? (? for menu, Esc to quit)
You feel much better. Sonja hits you but does no damage.
You feel a strange sense of stasis. Sonja hits you but does no damage.
You block Sonja's attack.
You completely miss Sonja. Sonja hits you but does no damage.
Space warps horribly around you! You block Sonja's attack.
You block Sonja's attack. x2
Sonja hits you with an uncursed dagger of distortion.
Space warps horribly around you!
You die...

################
#<.#..').#.)'..#
#..'[.#..'..#..+
#..#####'#####'#
#..####..#...#(#
#..#__####..##[#
#..#_..__##'#..+
#⌠⌠#_.∩...'@.._#
####_..._##_K#+#
#_____###(#
####### #.#
+$.$+ #$.(#
##.## #+#


You could see Sonja.

Vanquished Creatures
  Sigmund (D)
  A yak (D)
  An ogre (D)
  Ijyb (D)
  A jelly (D)
5 creatures vanquished.

Notes
Turn   | Place    | Note
--------------------------------------------------------------
     0 | D        | nuthulu the Gargoyle Fighter began the quest for the Orb.
     0 | D        | Reached XP level 1. HP: 14/14 MP: 1/1
     1 | D        | Noticed Ijyb
    26 | D        | Killed Ijyb
    26 | D        | Reached skill level 5 in Fighting
    26 | D        | Reached XP level 2. HP: 13/21 MP: 2/2
    26 | D        | Reached XP level 3. HP: 16/26 MP: 3/3
   143 | D        | Noticed an ogre
   146 | D        | Killed an ogre
   146 | D        | Reached skill level 6 in Fighting
   146 | D        | Reached skill level 1 in Dodging
   146 | D        | Reached XP level 4. HP: 29/32 MP: 4/4
   146 | D        | Reached XP level 5. HP: 33/37 MP: 5/5
   184 | D        | Noticed Sigmund
   191 | D        | Killed Sigmund
   191 | D        | Reached skill level 8 in Fighting
   191 | D        | Reached skill level 5 in Maces & Flails
   191 | D        | Reached XP level 6. HP: 45/45 MP: 6/6
   250 | D        | Found a deep blue altar of Sif Muna.
   251 | D        | Noticed a jelly
   256 | D        | Killed a jelly
   284 | D        | Found a radiant altar of Vehumet.
   356 | D        | Found Urchuy's General Store.
   356 | D        | Found a white marble altar of Elyvilon.
   356 | D        | Found a stormy altar of Qazlal.
   356 | D        | Found a burning altar of Makhleb.
   356 | D        | Found a sacrificial altar of Ru.
   356 | D        | Found a basalt altar of Yredelemnul.
   356 | D        | Found a glowing golden altar of the Shining One.
   356 | D        | Found a sparkling altar of Nemelex Xobeh.
   356 | D        | Found a shimmering altar of Xom.
   356 | D        | Found an opulent altar of Gozag.
   356 | D        | Found an ancient bone altar of Kikubaaqudgha.
   356 | D        | Found a glowing silver altar of Zin.
   356 | D        | Noticed a yak
   380 | D        | Killed a yak
   380 | D        | Reached skill level 9 in Fighting
   380 | D        | Reached XP level 7. HP: 10/51 MP: 7/7
   381 | D        | Found an iron altar of Okawaru.
   410 | D        | Found a bloodstained altar of Trog.
   418 | D        | Became a worshipper of Warmaster Okawaru
   630 | D        | Noticed Sonja
   640 | D        | Slain by Sonja

Vault maps used:
D:        dungeon_sprint_1

Action                   |  1- 3 |  4- 6 |  7- 9 || total
-------------------------+-------+-------+-------++-------
Melee: Flail             |    27 |    30 |     4 ||    61
  Use: Potion            |     1 |     2 |     1 ||     4
